 Dungeon Crawl Stone Soup version 0.31.0-32-g396128a36d (webtiles) character file.

Game seed: 7008958651530876326

3090 PaiMei the Purveyor of Pain (level 9, -12/69 HPs)
             Began as a Demonspawn Necromancer on Apr 18, 2024.
             Was an Initiate of Kikubaaqudgha.
             Mangled by a boulder beetle (16 damage)
             ... on level 7 of the Dungeon.
             The game lasted 00:16:07 (12025 turns).

PaiMei the Purveyor of Pain (DsNe)                 Turns: 12025, Time: 00:16:07

Health: -12/69     AC:  8    Str: 10    XL:     9   Next: 59%
Magic:  0/18       EV: 21    Int: 19    God:    Kikubaaqudgha [......]
Gold:   359        SH:  5    Dex: 19    Spells: 12/20 levels left

rFire   . . .        T - +4 hand axe "Transmigrator" {flame, rElec Stlth+}
rCold   . . .        (no shield)
rNeg    . . .        a - +0 robe
rPois   .            (helmet unavailable)
rElec   +            D - +1 cloak
rCorr   .            J - +0 pair of gloves
SInv    +            (no boots)
Will    .....        s - amulet of reflection
Stlth   ++++         n - +5 ring of evasion
HPRegen 0.31/turn    i - +6 ring of dexterity
MPRegen 0.16/turn

%: reflection
@: no status effects
A: antennae 3, thin metallic scales 2, demonic guardian 1
a: Renounce Religion


You were on level 7 of the Dungeon.
You worshipped Kikubaaqudgha.
Kikubaaqudgha was noncommittal.
You visited 2 branches of the dungeon, and saw 8 of its levels.

You collected 359 gold pieces.

Inventory:

Hand Weapons
 N - a +2 spear of freezing
 O - a +2 spear of venom
 P - the +5 woodcutter's axe
   (You took it off a gnoll bouda on level 6 of the Dungeon)
 T - the +4 hand axe "Transmigrator" (weapon) {flame, rElec Stlth+}
   (You found it on level 7 of the Dungeon)

   rElec:     It insulates you from electricity.
   Stlth+:    It makes you more stealthy.
Missiles
 j - 8 poisoned darts (quivered)
Armour
 a - a +0 robe (worn)
 D - a +1 cloak (worn)
 J - a +0 pair of gloves (worn)
 S - a +0 kite shield
Magical Staves
 E - a staff of death
Jewellery
 g - a ring of willpower
 i - a +6 ring of dexterity (right hand)
 n - a +5 ring of evasion (left hand)
 s - an amulet of reflection (around neck)
 t - an amulet of magic regeneration
 v - a ring of flight
 y - a +6 ring of strength
 z - a ring of willpower
 A - a ring of resist corrosion
Wands
 K - a wand of digging (7)
Scrolls
 f - 4 scrolls of vulnerability {unknown}
 h - 2 scrolls of immolation {unknown}
 k - a scroll of fear {unknown}
 p - 3 scrolls of amnesia {unknown}
 w - a scroll of blinking {unknown}
 B - 2 scrolls of enchant weapon {unknown}
 C - 2 scrolls of teleportation {unknown}
 F - a scroll of revelation {unknown}
 L - a scroll of fog {unknown}
 M - a scroll of enchant armour {unknown}
 R - a scroll of identify {unknown}
Potions
 b - 3 potions of magic
 c - a potion of brilliance {unknown}
 d - a potion of ambrosia {unknown}
 e - 2 potions of invisibility {unknown}
 m - a potion of lignification {unknown}
 o - a potion of haste {unknown}
 q - 2 potions of curing {unknown}
 u - a potion of degeneration {unknown}
 x - a potion of attraction {unknown}
 G - a potion of might {unknown}
 I - a potion of berserk rage {unknown}
 Q - a potion of heal wounds {unknown}


   Skills:
 + Level 6.1 Fighting
 + Level 6.4 Dodging
 - Level 3.0 Stealth
 + Level 6.4 Spellcasting
 + Level 8.6 Necromancy


You had 12 spell levels left.
You knew the following spells:

 Your Spells              Type           Power      Damage    Failure   Level
a - Necrotise             Necr           100%       1d9       1%          1
b - Vampiric Draining     Necr           39%        2d8       1%          3
c - Animate Dead          Necr           39%        N/A       3%          4

Your spell library contained the following spells:

 Spells                   Type           Power      Damage    Failure   Level
 Curse of Agony           Necr           39%        N/A       9%          5
 Shock                    Conj/Air       24%        1d4       11%         1
 Martyr's Knell           Necr/Summ      22%        N/A       19%         4
 Swiftness                Air            6%         N/A       32%         3
 Airstrike                Air            3%         2d(1-17)  71%         4
 Manifold Assault         Tloc           6%         N/A       71%         4
 Olgreb's Toxic Radiance  Alch           6%         N/A       71%         4
 Dispersal                Tloc           3%         N/A       100%        6
 Ozocubu's Refrigeration  Ice            3%         4d8       100%        7
 Discord                  Hex            3%         N/A       100%        8
 Disjunction              Tloc           3%         N/A       100%        8


Dungeon Overview and Level Annotations

Branches:
Dungeon (7/15)             Temple (1/1) D:7

Altars:
Ashenzari
Cheibriados
Dithmenos
Fedhas
Gozag
Kikubaaqudgha
Makhleb
Nemelex Xobeh
Qazlal
Ru
Sif Muna
Trog
Vehumet
Xom
Yredelemnul

Shops:
D:4 =


Innate Abilities, Weirdness & Mutations

You have a pair of large antennae on your head. (SInv)
You are mostly covered in thin metallic scales. (AC +3)
A weak demonic guardian rushes to your aid.


Message History

You hit the slime creature but do no damage.
The slime creature is severely wounded.
You block the slime creature's attack.
The boulder beetle leaps!
The slime creature hits you!
You hit the slime creature. You burn the slime creature.
The slime creature is severely wounded.
The slime creature hits you.
You barely miss the slime creature. You punch the slime creature.
The slime creature is almost dead.
The slime creature closely misses you.
You hit the slime creature but do no damage.
The slime creature is almost dead.
The slime creature barely misses you.
The boulder beetle leaps!
The slime creature jiggles.
The slime creature hits you.
You hit the slime creature. You burn the slime creature.
The slime creature is almost dead.
The slime creature misses you.
You hit the slime creature. You burn the slime creature.
You kill the slime creature!
Kikubaaqudgha accepts your kill.
The boulder beetle completely misses you.
Your Fighting skill increases to level 6!
The boulder beetle bites you!
* * * LOW HITPOINT WARNING * * *
A demonic guardian appears!
Your quasit bites the boulder beetle but does no damage.
Your quasit claws the boulder beetle but does no damage. x2
The boulder beetle attacks as it pursues you!
The boulder beetle bites you!
* * * LOW HITPOINT WARNING * * *
Casting: Necrotise (safe; 1% risk of failure)
Confirm with . or Enter, or press ? or * to list all spells.
Aiming: Vampiric Draining (safe; 1% risk of failure)
Press: ? - help, Shift-Dir - straight line, f - boulder beetle
Aim: a boulder beetle (ally target)
You draw life force from the boulder beetle.
You feel life coursing into your body. The boulder beetle bites you!
You die...
Kikubaaqudgha rasps: "You have failed me!
Welcome... death!"

...............♣♣♣.♣
########.####...♣♣ B♣.♣
.....# #.# ##'#..♣♣♣♣.♣
####.###.# #.........⌠.
###.....# #.....♣♣♣♣.♣
##.....(####....♣♣♣.♣.♣
........'....>.♣♣♣.♣♣.♣
##......#####.....♣♣♣.♣♣
........# ##..#.@.♣♣...♣♣
........###.>##..B♣.....♣,,
............###'#.5..##...#
...####..............#
...... ####
#............#### #####
######............#
.#................#
.'.####....######## .###
####.#


You could see a boulder beetle (ally target) and a friendly quasit (summoned).

Vanquished Creatures
  A cyclops (D:7)
  3 slime creatures (D:7)
  A water moccasin (D:6)
  An orc warrior (D:6)
  3 black bears
  A phantom (D:6)
  2 bullfrogs (D:6)
  3 gnoll sergeants (D:6)
  4 electric eels (D:6)
  2 bombardier beetles
  4 hounds
  3 gnoll boudas
  4 orc priests
  Crazy Yiuf (D:4)
  2 jellies
  A sleepcap (D:6)
  2 iguanas (D:5)
  7 orc wizards
  Terence (D:2)
  6 gnolls
  8 adders
  A shadow imp (D:5)
  2 white imps
  3 dart slugs
  3 ribbon worms
  24 orcs
  5 endoplasms
  6 giant cockroaches
  9 goblins
  9 hobgoblins
  3 jackals (D:1)
  5 quokkas
  3 ball pythons
  7 bats
  2 frilled lizards (D:3)
  8 kobolds
  8 rats
158 creatures vanquished.

Vanquished Creatures (collateral kills)
  A black bear (D:4)
  A scorpion (D:6)
  An electric eel (D:6)
  2 orcs (D:5)
  A giant cockroach (D:4)
  A quokka (D:6)
7 creatures vanquished.

Vanquished Creatures (others)
  A cyclops zombie (D:7)
1 creature vanquished.

Grand Total: 166 creatures vanquished

Notes
Turn   | Place    | Note
-------+----------+-------------------------------------------
     0 | D:1      | PaiMei the Demonspawn Necromancer began the quest for the
                  | Orb.
     0 | D:1      | Reached XP level 1. HP: 13/13 MP: 3/3
   513 | D:1      | Gained mutation: A weak demonic guardian rushes to your
                  | aid. [demonic ancestry]
   513 | D:1      | Reached XP level 2. HP: 8/19 MP: 0/5
   959 | D:1      | Reached XP level 3. HP: 24/24 MP: 4/6
  1697 | D:2      | Noticed Terence
  2261 | D:2      | Gained mutation: You have a pair of small antennae on your
                  | head. [demonic ancestry]
  2261 | D:2      | Reached XP level 4. HP: 27/30 MP: 1/7
  2387 | D:2      | Killed Terence
  2388 | D:2      | Reached skill level 5 in Necromancy
  3378 | D:3      | Reached XP level 5. HP: 35/35 MP: 3/9
  3524 | D:3      | Learned a level 3 spell: Vampiric Draining
  4356 | D:4      | Found a radiant altar of Vehumet.
  4359 | D:4      | Found a bloodstained altar of Trog.
  4461 | D:4      | Noticed a black bear
  4506 | D:4      | Found a broken altar of Ashenzari.
  4534 | D:4      | Found Ymion's Jewellery Emporium.
  4799 | D:4      | Reached skill level 1 in Fighting
  5253 | D:4      | Killed a black bear
  5254 | D:4      | Gained mutation: You are partially covered in thin metallic
                  | scales. (AC +2) [demonic ancestry]
  5254 | D:4      | Reached XP level 6. HP: 22/44 MP: 0/11
  5423 | D:4      | Found a runed translucent door.
  5424 | D:4      | Noticed Crazy Yiuf
  5466 | D:4      | Found a sacrificial altar of Ru.
  5535 | D:4      | Killed Crazy Yiuf
  5711 | D:5      | Entered Level 5 of the Dungeon
  6557 | D:5      | Reached skill level 6 in Necromancy
  6557 | D:5      | Gained mutation: You have a pair of antennae on your head.
                  | [demonic ancestry]
  6557 | D:5      | Reached XP level 7. HP: 34/51 MP: 0/12
  8144 | D:6      | Gained mutation: You are mostly covered in thin metallic
                  | scales. (AC +3) [demonic ancestry]
  8144 | D:6      | Reached XP level 8. HP: 48/59 MP: 0/14
  8659 | D:6      | Reached skill level 7 in Necromancy
  8804 | D:6      | Reached skill level 5 in Spellcasting
  8956 | D:6      | Reached skill level 5 in Dodging
  9878 | D:6      | Reached skill level 5 in Fighting
 10254 | D:6      | Gained mutation: You have a pair of large antennae on your
                  | head. (SInv) [demonic ancestry]
 10254 | D:6      | Reached XP level 9. HP: 52/68 MP: 13/17
 11254 | D:7      | Noticed a boulder beetle
 11295 | D:7      | Identified the +4 hand axe "Transmigrator" {flame, rElec
                  | Stlth+}
 11333 | D:7      | Reached skill level 8 in Necromancy
 11426 | D:7      | Found a staircase to the Ecumenical Temple.
 11434 | Temple   | Entered the Ecumenical Temple
 11464 | Temple   | Learned a level 4 spell: Animate Dead
 11464 | Temple   | Became a worshipper of Kikubaaqudgha
 11520 | D:7      | Noticed a cyclops
 11693 | D:7      | Killed a cyclops
 12024 | D:7      | HP: 1/69 [boulder beetle (13)]
 12025 | D:7      | Mangled by a boulder beetle

Illustrated notes

Levels and vault maps discovered:
D:1:      onia_arrival_mini_spirals, layout_basic, minivault_27
D:2:      layout_loops_ring, grunt_decor_fettered, uniq_terence
D:3:      layout_loops_ring, dk_noncrumbling_2
D:4:      layout_loops_cross, grunt_temple_overflow_cloverleaf,
          minmay_shop_enchanted_jewellery, serial_park_tiny_2, minmay_quantized,
          uniq_crazy_yiuf_cottage
D:5:      layout_loops_corners
D:6:      layout_cave_pods, elyvilon_altar_5, serial_bayou, serial_bayou_ford_a,
          serial_bayou_lagoon_a, serial_bayou_crossing, serial_bayou_shore_b,
          portal_sewer_entry_f, corexii_shack, pf_guarded_unrand_woodcutter
D:7:      layout_basic, minmay_temple_entry_offerings, kennysheep_path_1,
          kb_rosetta, uniq_pikel
Temple:   oiseaux_autumnal_temple

Skill      XL: |  1  2  3  4  5  6  7  8  9 |
---------------+----------------------------+-----
Stealth        | 2 3 |  3.0
Dodging        | 2 3 4 5 6 |  6.4
Necromancy     | 5 6 7 8 |  8.6
Spellcasting   | 3 4 5 6 |  6.4
Fighting       | 1 2 3 5 6 |  6.1

Action                     |  1- 3 |  4- 6 |  7- 9 || total
---------------------------+-------+-------+-------++-------
  Melee: Club              |     3 |       |       ||     3
         Mace              |     2 |    10 |       ||    12
         Dagger            |       |    16 |    65 ||    81
         Punch             |       |       |     3 ||     3
         Short sword       |       |       |    20 ||    20
         Battleaxe         |       |       |    16 ||    16
         Spear             |       |       |     3 ||     3
         Hand axe          |       |       |    42 ||    42
   Cast: Necrotise         |    70 |   117 |   118 ||   305
         Vampiric Draining |       |    14 |    59 ||    73
         Animate Dead      |       |       |     1 ||     1
   Stab: Distracted        |       |       |     1 ||     1
 Armour: Robe              |    15 |    33 |   105 ||   153
  Dodge: Dodged            |    16 |    52 |   157 ||   225
  Block: Other             |       |     8 |    40 ||    48
         Reflection        |       |     1 |       ||     1
